[Event "Titled Tuesday Blitz March 28 Late 2023"]
[White "Vlassov, Nikolai"]
[Black "Mendez Fortes, Eduardo Jesus"]
[WhiteFideId "4103360"]
[BlackFideId "3502376"]
[WhiteElo "2324"]
[BlackElo "2307"]
[Result "1/2-1/2"]
[Round "09"]
[TimeControl "180+2"]
[Date "2023.03.28"]
[WhiteClock "0:00:04"]
[BlackClock "0:00:12"]

1. e4 c5 2. c3 Nf6 3. e5 Nd5 4. d4 cxd4 5. cxd4 Nc6 6. Nc3 Nxc3 7. bxc3 d5 8. Bd3 g6 9. h4 h5 10. Nh3 Bg4 11. Qc2 Bxh3 12. Rxh3 e6 13. Bg5 Be7 14. f4 Qa5 15. Kf1 Rc8 16. Qb3 Bxg5 17. hxg5 O-O 18. Kf2 Ne7 19. Bc2 Rc7 20. Re1 Rfc8 21. Ree3 b5 22. Bb1 Rc4 23. Qb2 b4 24. cxb4 Rxb4 25. Rb3 Rxb3 26. Rxb3 Kg7 27. Rb5 Qa6 28. Bd3 Qa4 29. Ke3 Qd1 30. Rb7 Nc6 31. Qe2 Qa1 32. Qb2 Qe1+ 33. Qe2 Qg3+ 34. Qf3 Qe1+ 35. Qe2 Qg1+ 36. Qf2 Qc1+ 37. Qd2 Qa3 38. Qb2 Qa4 39. Qb3 Qxd4+ 40. Kf3 Qc5 41. Kg3 Nd4 42. Qb4 Qc3 43. Qxc3 Rxc3 44. Rxa7 Rxd3+ 45. Kf2 Nf5 46. a4 Ra3 47. a5 d4 48. a6 Ra2+ 49. Kf3 d3 50. Rd7 Rxa6 51. Rxd3 Ra4 52. g4 hxg4+ 53. Kxg4 Ra2 54. Rd7 Rg2+ 55. Kf3 Rg3+ 56. Kf2 Rb3 57. Rc7 Kf8 58. Ra7 Ne7 59. Rb7 Nd5 60. Rxb3 Nxf4 61. Kf3 Nd5 62. Ke4 Kg7 63. Rb7 Nc3+ 64. Kd4 Nd5 65. Ke4 Nc3+ 66. Kd4 Ne2+ 67. Ke4 Ng3+ 68. Kf4 Nf5 69. Rd7 Kf8 70. Ke4 Ne7 71. Ra7 Nd5 72. Kd4 Kg7 73. Rb7 Nf4 74. Ke4 Nh3 75. Rb4 Nxg5+ 76. Kf4 Nh7 77. Kg4 Nf8 78. Kf4 Nd7 79. Rb5 Kf8 80. Ke4 Ke7 81. Kf4 Kf8 82. Ke4 Kg7 83. Kf4 Nf8 84. Ke4 g5 85. Rb7 Ng6 86. Rb1 Nf4 87. Rh1 Kg6 88. Rh8 Kg7 89. Rh1 Kg6 90. Rg1 Nd5 91. Rh1 Nc3+ 92. Kd4 Ne2+ 93. Ke3 Nf4 94. Ke4 Ne2 95. Rh2 Ng3+ 96. Kf3 Nf5 97. Ke4 Ne7 98. Rh1 Nd5 99. Rg1 Nc3+ 100. Ke3 Kf5 101. Rf1+ Kg6 102. Rg1 Na4 103. Ke4 Nc5+ 104. Kd4 Nd7 105. Ke4 Nf8 106. Rf1 Nh7 107. Rg1 Kg7 108. Rg2 Kg6 109. Rg1 Nf8 110. Rg2 f5+ 111. exf6 Kxf6 112. Rf2+ Ke7 113. Kf3 Nd7 114. Kg4 Nf6+ 115. Kf3 Kf7 116. Ra2 Kg6 117. Ra6 Kf5 118. Ra5+ e5 119. Ra8 g4+ 120. Kg2 Ne4 121. Rf8+ Kg5 122. Rg8+ Kf4 123. Rf8+ Kg5 124. Rg8+ Kf5 125. Rf8+ Nf6 126. Rf7 e4 127. Re7 Kg5 128. Re5+ Kf4 129. Re7 Nd5 130. Rf7+ Ke5 131. Rg7 Kd4 132. Kf2 e3+ 133. Kg3 e2 134. Kf2 Kd3 135. Rxg4 Ne3 136. Rg3 e1=Q+ 137. Kxe1 Ke4 138. Ke2 Nf5 139. Rg4+ Ke5 140. Kf3 Nd4+ 141. Ke3 Nf5+ 142. Kd3 Nd6 143. Rg5+ Nf5 144. Kc4 Kf4 145. Rg6 Ke5 146. Kc5 Ke4 147. Re6+ Kf4 148. Kd5 Ne3+ 149. Kd4 Nf5+ 150. Kd3 Ng3 151. Rf6+ Ke5 152. Rf3 Nf5 153. Kc4 Nd6+ 154. Kc5 Ne4+ 155. Kc6 Kd4 156. Rf4 Ke5 157. Rg4 Kd4 158. Rh4 Ke5 159. Rh5+ Kd4 160. Rd5+ Ke3 161. Rd1 Kf4 162. Re1 Ke5 163. Re2 Kd4 164. Ra2 Ke3 165. Ra3+ Kd4 166. Ra4+ Ke5 167. Ra5+ Kd4 168. Ra4+ Ke3 169. Rxe4+ Kxe4 1/2-1/2


[Site "https://www.chess.com"]

[Event "Titled Tuesday Blitz March 28 Late 2023"]
[White "Koksal, Ege"]
[Black "Dudzinski, Pawel"]
[WhiteFideId "6317626"]
[BlackFideId "1117890"]
[WhiteElo "2226"]
[BlackElo "2099"]
[Result "0-1"]
[Round "09"]
[TimeControl "180+2"]
[Date "2023.03.28"]
[WhiteClock "0:00:02"]
[BlackClock "0:00:12"]

1. d4 d5 2. c4 c6 3. Nc3 e6 4. e3 f5 5. Bd3 Nf6 6. Nge2 Be7 7. O-O O-O 8. b3 Bd7 9. Bb2 Be8 10. f3 Bh5 11. Nf4 Bf7 12. Qc2 g5 13. Nfe2 Bg6 14. e4 fxe4 15. fxe4 Nbd7 16. e5 Bxd3 17. Qxd3 Ne8 18. Rxf8+ Nxf8 19. Rf1 Ng7 20. Bc1 Ng6 21. Ng3 Qd7 22. c5 Rf8 23. Be3 Rxf1+ 24. Qxf1 Qe8 25. b4 Qf7 26. b5 Qxf1+ 27. Kxf1 Bd8 28. Ke2 Nf4+ 29. Bxf4 gxf4 30. Nf1 Ba5 31. bxc6 bxc6 32. Kd3 Kf7 33. Nd2 Kg6 34. Nb3 Bd8 35. a4 Kf5 36. Na2 a5 37. Nc3 Kg4 38. Nd2 Nf5 39. Nb5 Ne3 40. g3 fxg3 41. hxg3 Nf5 42. Nd6 Nxg3 43. Nf7 Bc7 44. Nb3 h5 0-1


[Site "https://www.chess.com"]

[Event "Titled Tuesday Blitz March 28 Late 2023"]
[White "Feng, Eric"]
[Black "ArtemDyachuk"]
[WhiteFideId "30952590"]
[WhiteElo "1785"]
[BlackElo "2413"]
[Result "1-0"]
[Round "09"]
[TimeControl "180+2"]
[Date "2023.03.28"]
[WhiteClock "0:01:04"]
[BlackClock "0:00:02"]

1. d4 Nf6 2. c4 c5 3. d5 e6 4. Nc3 exd5 5. cxd5 d6 6. Nf3 g6 7. g3 Bg7 8. Bg2 O-O 9. O-O Re8 10. Re1 Ne4 11. Nxe4 Rxe4 12. Qc2 Re8 13. e4 Nd7 14. Bf4 Qf6 15. Rab1 h6 16. Nd2 g5 17. Be3 Ne5 18. b4 b6 19. bxc5 bxc5 20. h3 Ba6 21. f4 gxf4 22. gxf4 Nd3 23. Rf1 Nb4 24. Qa4 Bxf1 25. Rxf1 Qc3 26. Rf3 Bd4 27. Nf1 Kh7 28. Qd7 Rg8 29. Qxf7+ Rg7 30. Qf5+ Kh8 31. e5 Rag8 32. Qf6 Qc2 33. Rf2 Qh7 34. Bxd4 cxd4 35. e6 Nd3 36. Rd2 Ne1 37. Kh1 d3 38. Ng3 h5 39. Nf5 Nxg2 40. Rxg2 d2 41. Rxd2 Qg6 42. Qxg6 Rxg6 43. Nh4 Rg1+ 44. Kh2 Re1 45. Rf2 Re4 46. Ng2 Rf8 47. f5 Re5 48. Nh4 Kg7 49. Rg2+ Kf6 50. Ng6 Rb8 51. Nxe5 dxe5 52. Rf2 e4 53. d6 e3 54. Re2 Kxf5 55. Rxe3 1-0


[Site "https://www.chess.com"]

[Event "Titled Tuesday Blitz March 28 Late 2023"]
[White "Itkis, Boris"]
[Black "Rytenko, Vsevolod"]
[WhiteFideId "1209167"]
[BlackFideId "14133040"]
[WhiteElo "2216"]
[BlackElo "2262"]
[Result "0-1"]
[Round "09"]
[TimeControl "180+2"]
[Date "2023.03.28"]
[WhiteClock "0:01:36"]
[BlackClock "0:00:49"]

1. c4 e5 2. Nf3 Nc6 3. Nc3 Nf6 4. e4 g6 5. d4 exd4 6. Nxd4 Bg7 7. Nxc6 bxc6 8. e5 Qe7 9. Qe2 Ng8 10. f4 f6 11. Bd2 fxe5 12. O-O-O d6 13. Qf3 Bd7 14. fxe5 Bxe5 15. Nb5 Qd8 16. Bc3 cxb5 17. Bxe5 dxe5 18. cxb5 Qg5+ 19. Kb1 Qf5+ 0-1


[Site "https://www.chess.com"]

[Event "Titled Tuesday Blitz March 28 Late 2023"]
[White "Escalona Landi, Samid Eduardo"]
[Black "Fan_Of_Chucky"]
[WhiteFideId "3937437"]
[WhiteElo "2207"]
[BlackElo "2401"]
[Result "1-0"]
[Round "09"]
[TimeControl "180+2"]
[Date "2023.03.28"]
[WhiteClock "0:00:25"]
[BlackClock "0:00:01"]

1. e4 c5 2. Nf3 d6 3. d4 cxd4 4. Nxd4 Nf6 5. Nc3 Nc6 6. Bg5 e6 7. Qd2 a6 8. O-O-O Be7 9. f4 Bd7 10. Nf3 b5 11. Bxf6 gxf6 12. Kb1 b4 13. Ne2 e5 14. Ng3 Qb6 15. Bc4 a5 16. Qd5 Be6 17. Qb5 Rb8 18. Qxb6 Rxb6 19. Bxe6 fxe6 20. f5 Nd8 21. fxe6 Nxe6 22. Nf5 Kf7 23. g3 Nc5 24. Rhe1 Ke6 25. Ne3 Rb7 26. Nd5 h5 27. Nh4 Bf8 28. Re2 Rf7 29. c4 Rg8 30. Kc2 Rg4 31. Rde1 Bh6 32. Nf5 Nxe4 33. Nxh6 Ng5 34. Nxf7 1-0


[Site "https://www.chess.com"]

[Event "Titled Tuesday Blitz March 28 Late 2023"]
[White "Romero Pallares, Daniel"]
[Black "Skvortsov, Andrei"]
[WhiteFideId "32025637"]
[BlackFideId "24108600"]
[WhiteElo "2195"]
[BlackElo "2259"]
[Result "1-0"]
[Round "09"]
[TimeControl "180+2"]
[Date "2023.03.28"]
[WhiteClock "0:00:37"]
[BlackClock "0:00:09"]

1. Nf3 Nf6 2. b3 g6 3. Bb2 Bg7 4. g3 O-O 5. Bg2 b6 6. c4 c5 7. d4 Bb7 8. d5 d6 9. O-O Bc8 10. Nc3 Ne4 11. Qc2 Bf5 12. Nh4 Nxg3 13. e4 Nxf1 14. exf5 Nxh2 15. Kxh2 Nd7 16. Nf3 Nf6 17. Re1 Qd7 18. Bh3 Qb7 19. fxg6 fxg6 20. Be6+ Kh8 21. Kg2 Nh5 22. Ne2 Nf4+ 23. Nxf4 Rxf4 24. Bxg7+ Kxg7 25. Qc3+ Rf6 26. Rh1 b5 27. Qe3 h5 28. Qg5 Rh8 29. Nh4 bxc4 30. Nf5+ Kf8 31. Nxd6 Qa8 32. Ne4 Rxe6 33. Qf4+ Rf6 34. Nxf6 exf6 35. Qxf6+ Kg8 36. Qxg6+ Kf8 37. Qf6+ Kg8 38. Kf1 Qxd5 39. Rg1+ 1-0


[Site "https://www.chess.com"]

[Event "Titled Tuesday Blitz March 28 Late 2023"]
[White "Kavutskiy, Konstantin"]
[Black "Yeritsyan, Hayk"]
[WhiteFideId "2026384"]
[BlackFideId "13307320"]
[WhiteElo "2369"]
[BlackElo "2448"]
[Result "1-0"]
[Round "09"]
[TimeControl "180+2"]
[Date "2023.03.28"]
[WhiteClock "0:00:59"]
[BlackClock "0:00:04"]

1. d4 d5 2. c4 c6 3. Nf3 Nf6 4. e3 e6 5. Bd3 Bd6 6. b3 Nbd7 7. Bb2 Qe7 8. Ne5 c5 9. O-O O-O 10. f4 cxd4 11. exd4 b6 12. Nd2 dxc4 13. bxc4 Bb7 14. Qe2 Rfd8 15. Rae1 Ba3 16. Ba1 Rac8 17. Ndf3 Bb4 18. Rd1 Nf8 19. Ng5 h6 20. Ngxf7 Re8 21. f5 exf5 22. Bxf5 Qxf7 23. Bxc8 Bxc8 24. Qb2 Qe7 25. d5 Ba3 26. Qb3 Bc5+ 27. Kh1 Bd7 28. Qg3 Qd6 29. Rxf6 Qxf6 30. Nxd7 Qf7 31. Nf6+ Kh8 32. Nxe8 Bd4 33. Bxd4 1-0


[Site "https://www.chess.com"]

[Event "Titled Tuesday Blitz March 28 Late 2023"]
[White "Spata, German"]
[Black "Senthilkumar, Pranav"]
[WhiteFideId "113026"]
[BlackFideId "2083477"]
[WhiteElo "2238"]
[BlackElo "1860"]
[Result "1/2-1/2"]
[Round "09"]
[TimeControl "180+2"]
[Date "2023.03.28"]
[WhiteClock "0:00:03"]
[BlackClock "0:00:20"]

1. Nf3 Nf6 2. b3 e6 3. Bb2 Be7 4. e3 O-O 5. c4 d5 6. Be2 b6 7. O-O Bb7 8. cxd5 Nxd5 9. d3 c5 10. Nbd2 Bf6 11. Qc1 Nc6 12. a3 Rc8 13. Ne4 Bxb2 14. Qxb2 Nce7 15. Rfc1 Nf5 16. Rab1 Nd6 17. Ned2 Qf6 18. Nc4 Rfd8 19. Nxd6 Rxd6 20. Qxf6 Nxf6 21. b4 Rdc6 22. Ne5 R6c7 23. b5 Nd7 24. Nc4 Bd5 25. a4 Nb8 26. Bf3 Bxc4 27. dxc4 Nd7 28. Ra1 Ne5 29. Be2 Rd8 30. a5 Kf8 31. axb6 axb6 32. Ra6 Rd2 33. Kf1 Rb7 34. Ke1 Rd6 35. Rd1 Ke7 36. f4 Rxd1+ 37. Kxd1 Nd7 38. Bf3 Rc7 39. Bc6 Nb8 40. Rxb6 Nxc6 41. bxc6 Kd6 42. Kc2 Rxc6 43. Rb7 Rc7 44. Rxc7 Kxc7 45. g4 f6 46. h4 Kb6 47. Kb3 Ka5 48. Ka3 g6 49. e4 h6 50. g5 hxg5 51. f5 exf5 52. exf5 gxf5 53. h5 f4 54. h6 f3 55. h7 f2 56. h8=Q f1=Q 57. Qd8+ Ka6 58. Qd6+ Kb7 59. Qd7+ Kb8 60. Qd8+ Kb7 61. Qd7+ Kb6 62. Qd6+ Kb7 63. Qd7+ 1/2-1/2


[Site "https://www.chess.com"]

[Event "Titled Tuesday Blitz March 28 Late 2023"]
[White "Foerster-Yialamas, Lucas"]
[Black "Gold_Ocean"]
[WhiteFideId "30901774"]
[WhiteElo "2067"]
[BlackElo "2603"]
[Result "0-1"]
[Round "09"]
[TimeControl "180+2"]
[Date "2023.03.28"]
[WhiteClock "0:02:07"]
[BlackClock "0:02:17"]

1. e4 c5 2. Nf3 d6 3. d4 cxd4 4. Nxd4 Nf6 5. Nc3 a6 6. f3 e5 7. Nb3 Be6 8. Be3 Be7 9. Qd2 h5 10. O-O-O Nbd7 11. h3 Rc8 12. Be2 h4 13. Rdg1 b5 14. g4 hxg3 15. Rxg3 g6 16. f4 Qc7 17. Nd5 Bxd5 18. exd5 Ne4 0-1


[Site "https://www.chess.com"]

[Event "Titled Tuesday Blitz March 28 Late 2023"]
[White "reevecanada"]
[Black "Freitag, Manfred"]
[BlackFideId "1602004"]
[WhiteElo "2432"]
[BlackElo "2275"]
[Result "0-1"]
[Round "09"]
[TimeControl "180+2"]
[Date "2023.03.28"]
[WhiteClock "0:00:18"]
[BlackClock "0:01:22"]

1. e4 c5 2. Nf3 d6 3. d4 cxd4 4. Qxd4 Nc6 5. Qe3 g6 6. c4 Bg7 7. Nc3 Nf6 8. Be2 Bg4 9. O-O O-O 10. Rb1 Nd7 11. b3 Rc8 12. Bb2 Qa5 13. a3 Qc5 14. Nd5 Qxe3 15. Nxe3 Bxf3 16. Bxf3 Bxb2 17. Rxb2 Nde5 18. Be2 Nd4 19. f4 Nxe2+ 20. Rxe2 Nc6 21. Rd1 Na5 22. Rd3 Rfe8 23. g4 Kg7 24. h4 h6 25. h5 Rc6 26. Kf2 Rec8 27. Kf3 Rb6 28. hxg6 fxg6 29. Nd5 Rxb3 30. Rxb3 Nxb3 31. Rb2 Na5 32. Nxe7 Rxc4 33. f5 g5 34. Rd2 Rc3+ 35. Kf2 Nc4 36. Rd4 b5 37. Nc8 Rxa3 38. Nxd6 Ne5 39. Nxb5 Nxg4+ 40. Kg2 Ra5 41. Rd7+ Kf6 42. Nxa7 Ra2+ 43. Kg3 h5 44. Nc6 Ra3+ 45. Kg2 h4 46. Rd6+ Kf7 47. Rd7+ Ke8 48. Rh7 Rg3+ 49. Kf1 h3 50. e5 h2 51. Rh8+ Kd7 52. e6+ Kxc6 53. e7 Nf6 54. Rxh2 Rf3+ 55. Ke2 Rxf5 56. Rh8 Kd7 57. Ra8 Kxe7 58. Ra7+ Ke6 59. Ra6+ Kf7 60. Ra7+ Kg6 61. Re7 g4 62. Re3 Kg5 63. Rg3 Nh5 64. Re3 Nf4+ 65. Kf2 Nd5+ 66. Kg3 Nxe3 67. Kh2 Rf2+ 68. Kg3 Rg2# 0-1


[Site "https://www.chess.com"]

[Event "Titled Tuesday Blitz March 28 Late 2023"]
[White "Dmitrenko, Viktor"]
[Black "Poliakova, Varvara"]
[WhiteFideId "14110270"]
[BlackFideId "13518313"]
[WhiteElo "2292"]
[BlackElo "2075"]
[Result "0-1"]
[Round "09"]
[TimeControl "180+2"]
[Date "2023.03.28"]
[WhiteClock "0:00:05"]
[BlackClock "0:00:37"]

1. e4 d5 2. exd5 Qxd5 3. Nc3 Qd6 4. d4 c6 5. g3 Nf6 6. Bf4 Qb4 7. a3 Qb6 8. Na4 Qa5+ 9. c3 Bg4 10. f3 Bf5 11. Nc5 Nbd7 12. b4 Qb6 13. g4 Bg6 14. h4 h5 15. g5 Nd5 16. Bd2 Nxc5 17. dxc5 Qc7 18. Kf2 O-O-O 19. Qe1 e5 20. Nh3 f6 21. c4 Ne7 22. Bc3 Nf5 23. gxf6 gxf6 24. Rg1 Bf7 25. Qe4 Nd4 26. Rd1 f5 27. Qe3 Be7 28. Ng5 Bf6 29. Bh3 Bxc4 30. Bxf5+ Nxf5 31. Qe4 Nd4 32. Bxd4 Rxd4 33. Qf5+ Qd7 34. Qxf6 Rd8 35. Rxd4 Qxd4+ 36. Kg2 Bd5 37. Re1 Qd2+ 38. Kh3 Qxe1 39. Nf7 Qh1+ 40. Kg3 Rg8+ 41. Ng5 Qg1+ 42. Kh3 Qf1+ 43. Kg3 Qe2 44. Qf5+ Kb8 45. Qf6 e4 46. Qd6+ Ka8 47. Kf4 exf3 0-1


[Site "https://www.chess.com"]

[Event "Titled Tuesday Blitz March 28 Late 2023"]
[White "Di Berardino, Diego Rafael"]
[Black "marik_spb"]
[WhiteFideId "2105446"]
[WhiteElo "2432"]
[BlackElo "2421"]
[Result "1-0"]
[Round "09"]
[TimeControl "180+2"]
[Date "2023.03.28"]
[WhiteClock "0:00:04"]
[BlackClock "0:00:05"]

1. e4 c6 2. d4 d5 3. exd5 cxd5 4. c4 e6 5. Nc3 Bb4 6. Nf3 Nf6 7. cxd5 exd5 8. Bd3 O-O 9. h3 Nc6 10. O-O Re8 11. Bf4 h6 12. Rc1 Bd6 13. Bxd6 Qxd6 14. Qb3 Qf4 15. Ne2 Qd6 16. Ng3 Qf4 17. Bb5 Bd7 18. Bxc6 bxc6 19. Rfe1 Ne4 20. Nxe4 dxe4 21. Ne5 Be6 22. Qa3 Bd5 23. Nxc6 Bxc6 24. Rxc6 Rac8 25. Rc5 Rxc5 26. dxc5 f5 27. Qc3 Qc7 28. c6 Re6 29. Qc4 Kf7 30. Rc1 f4 31. b4 g5 32. b5 e3 33. fxe3 fxe3 34. Re1 Ke7 35. Qc5+ Kf7 36. Rxe3 Rxe3 37. Qxe3 Qa5 38. Qf3+ Ke7 39. Qe4+ Kf6 40. Qd4+ Ke6 41. Qe3+ Kd6 42. Qd3+ Ke6 43. Qd7+ Kf6 44. Qd4+ Ke6 45. Qc4+ Kf6 46. c7 Qe1+ 47. Kh2 Qe5+ 48. g3 Qb2+ 49. Kg1 Qb1+ 50. Kf2 Qb2+ 51. Ke3 Qe5+ 52. Kd3 Qd6+ 53. Qd4+ 1-0


[Site "https://www.chess.com"]

[Event "Titled Tuesday Blitz March 28 Late 2023"]
[White "MKlose11"]
[Black "Kielinkei"]
[WhiteElo "2539"]
[BlackElo "2415"]
[Result "0-1"]
[Round "09"]
[TimeControl "180+2"]
[Date "2023.03.28"]
[WhiteClock "0:01:58"]
[BlackClock "0:01:25"]

1. e4 c6 2. d4 d5 3. Nc3 dxe4 4. Nxe4 Nd7 5. Qe2 e6 6. Nf3 Ngf6 7. Nxf6+ Nxf6 8. g3 Be7 9. Bg2 O-O 10. O-O c5 11. c3 cxd4 12. Nxd4 Qb6 13. Nf5 exf5 14. Qxe7 Re8 15. Qa3 Bd7 16. Be3 Rxe3 17. fxe3 Qxe3+ 18. Kh1 Ng4 19. Qd6 Bc6 20. Bxc6 bxc6 21. Qf4 Qe2 22. Qf3 Qxh2# 0-1


[Site "https://www.chess.com"]

[Event "Titled Tuesday Blitz March 28 Late 2023"]
[White "Martin Barcelo, Carles"]
[Black "Ibadov, Dashgyn"]
[WhiteFideId "24561444"]
[BlackFideId "24107514"]
[WhiteElo "2089"]
[BlackElo "2208"]
[Result "0-1"]
[Round "09"]
[TimeControl "180+2"]
[Date "2023.03.28"]
[WhiteClock "0:00:01"]
[BlackClock "0:00:05"]

1. d4 Nf6 2. Nf3 e6 3. e3 c5 4. Bd3 b6 5. O-O Bb7 6. c3 Be7 7. Qe2 O-O 8. e4 c4 9. Bc2 d5 10. e5 Ne4 11. Nbd2 Nxd2 12. Bxd2 Nd7 13. g3 Re8 14. h4 Nf8 15. Kg2 f5 16. exf6 Bxf6 17. Bf4 Re7 18. Be5 Bc6 19. Rae1 Be8 20. Nh2 Bg6 21. Ng4 Bxe5 22. Nxe5 Bxc2 23. Qxc2 Qd6 24. Re3 b5 25. Rfe1 a5 26. h5 h6 27. g4 b4 28. Ng6 Rf7 29. Ne5 Rf4 30. Kg3 Rf6 31. f4 Nd7 32. Ng6 Nf8 33. Ne5 Nd7 34. Ng6 Rb8 35. Qe2 Nf8 36. Ne5 bxc3 37. bxc3 Qa3 38. g5 hxg5 39. fxg5 Rf5 40. Qg4 Qxa2 41. R1e2 Rb2 42. h6 Rxe2 43. Rxe2 Qa1 44. hxg7 Qxc3+ 45. Kh4 Nh7 46. Ng6 Nxg5 47. Nf4 Nf3+ 48. Kg3 Ne5+ 0-1


[Site "https://www.chess.com"]

[Event "Titled Tuesday Blitz March 28 Late 2023"]
[White "Guzman Moneo, Alberto"]
[Black "Belov, Alexei"]
[WhiteFideId "2209616"]
[BlackFideId "4128206"]
[WhiteElo "2157"]
[BlackElo "2534"]
[Result "0-1"]
[Round "09"]
[TimeControl "180+2"]
[Date "2023.03.28"]
[WhiteClock "0:00:02"]
[BlackClock "0:00:51"]

1. Nf3 Nf6 2. c4 e6 3. g3 d5 4. Bg2 Be7 5. O-O O-O 6. d4 dxc4 7. Ne5 Nc6 8. Bxc6 bxc6 9. Nxc6 Qe8 10. Nxe7+ Qxe7 11. Qa4 e5 12. dxe5 Qxe5 13. Qxc4 Be6 14. Qc3 Qh5 15. Nd2 Qxe2 16. Nf3 Bd5 17. Nd4 Qh5 18. Bf4 Rac8 19. Rfe1 c5 20. Nc2 Ne4 21. Qe5 Qxe5 22. Bxe5 Rfe8 23. Bf4 g5 24. Be3 f6 25. b3 Nc3 26. Bd2 Ne2+ 27. Kf1 Bf3 28. Ne3 Nd4 29. Rac1 Kf7 30. Bc3 Kg6 31. b4 Bb7 32. bxc5 Ba6+ 33. Kg2 Ne2 34. Rc2 Rxc5 35. Bb4 Rxc2 36. Nxc2 Bd3 37. Ne3 Nd4 38. f3 Be2 39. f4 Bf3+ 40. Kf2 Ba8 41. Bc3 Nb5 42. f5+ Kf7 43. Bb2 Rc8 44. Ng4 Nc3 45. Re6 Ne4+ 46. Ke3 Bd5 0-1


[Site "https://www.chess.com"]

[Event "Titled Tuesday Blitz March 28 Late 2023"]
[White "cryptoguru02"]
[Black "Castella Garcia, Fausto"]
[BlackFideId "3501922"]
[WhiteElo "2528"]
[BlackElo "2245"]
[Result "1-0"]
[Round "09"]
[TimeControl "180+2"]
[Date "2023.03.28"]
[WhiteClock "0:01:02"]
[BlackClock "0:00:09"]

1. d4 Nf6 2. c4 g6 3. Nc3 Bg7 4. e4 O-O 5. Be2 d6 6. Be3 c5 7. d5 e6 8. Nf3 exd5 9. cxd5 Ng4 10. Bg5 Qa5 11. Nd2 Ne5 12. Be7 Re8 13. Bxd6 Qb6 14. Bxe5 Bxe5 15. Nc4 Bxc3+ 16. bxc3 Qf6 17. e5 Qf4 18. g3 Qg5 19. O-O Bh3 20. f4 Qd8 21. Rf2 Nd7 22. Bg4 Bxg4 23. Qxg4 f5 24. Qe2 Nf6 25. Nd6 Ng4 26. Nxe8 Qxe8 27. Rf3 Rd8 28. c4 Qa4 29. Rd1 b5 30. h3 Nh6 31. cxb5 Nf7 32. d6 c4 33. Rc3 1-0


[Site "https://www.chess.com"]

[Event "Titled Tuesday Blitz March 28 Late 2023"]
[White "Hajiyev, Kanan"]
[Black "Onslow, Alfie"]
[WhiteFideId "13404148"]
[BlackFideId "436976"]
[WhiteElo "2103"]
[BlackElo "2114"]
[Result "1-0"]
[Round "09"]
[TimeControl "180+2"]
[Date "2023.03.28"]
[WhiteClock "0:00:23"]
[BlackClock "0:00:02"]

1. d4 d5 2. Nf3 Bf5 3. c4 e6 4. cxd5 exd5 5. Nc3 c6 6. Bg5 Be7 7. Bxe7 Nxe7 8. e3 O-O 9. Nh4 Nd7 10. Nxf5 Nxf5 11. Bd3 Nd6 12. Qc2 Nf6 13. O-O h6 14. Rab1 a5 15. Rfc1 Qe8 16. Na4 Nfe4 17. Bxe4 Qxe4 18. Qxe4 Nxe4 19. Nc5 Nd6 20. b3 Rfe8 21. h4 Re7 22. h5 f5 23. g3 Ne8 24. Kg2 Nf6 25. Rh1 Rc8 26. Rbc1 b6 27. Nd3 Rec7 28. Nf4 c5 29. dxc5 bxc5 30. Rhd1 Rd7 31. Rd2 Kf7 32. Rdc2 Rdc7 33. Kh3 c4 34. Kh4 Ne4 35. Nxd5 Rc5 36. bxc4 Nxf2 37. Rxf2 Rxd5 38. cxd5 Rxc1 39. Rxf5+ Ke7 40. d6+ Kxd6 41. Rxa5 Rc4+ 42. g4 Re4 43. Ra7 Rxe3 44. Rxg7 Ra3 45. Rg6+ Ke5 46. Rxh6 Rxa2 47. Rb6 Rh2+ 48. Kg5 Rh1 49. h6 Rh2 50. Kg6 Rh1 51. g5 Rh2 52. h7 Kd5 53. Rb8 1-0


[Site "https://www.chess.com"]

[Event "Titled Tuesday Blitz March 28 Late 2023"]
[White "micke12a"]
[Black "Toniutti, Ezio"]
[BlackFideId "113034"]
[WhiteElo "2335"]
[BlackElo "2215"]
[Result "0-1"]
[Round "09"]
[TimeControl "180+2"]
[Date "2023.03.28"]
[WhiteClock "0:00:01"]
[BlackClock "0:00:11"]

1. Nf3 d5 2. e3 Nf6 3. c4 c6 4. Nc3 a6 5. b3 Bf5 6. Bb2 e6 7. Be2 h6 8. O-O Be7 9. Rc1 O-O 10. Re1 Nbd7 11. d3 Bh7 12. Bf1 Re8 13. e4 dxe4 14. dxe4 Nc5 15. Qc2 a5 16. Rcd1 Qb6 17. Ba3 Rad8 18. Rxd8 Rxd8 19. Na4 Qa7 20. Rd1 Rxd1 21. Qxd1 Bxe4 22. Ne5 Qb8 23. Bxc5 Bxc5 24. Nxc5 Qxe5 25. Nxb7 c5 26. Nxa5 Qb2 27. a4 Qc3 28. Qd8+ Kh7 29. h3 Qe1 30. g3 Bf5 31. Kg2 Ne4 0-1


[Site "https://www.chess.com"]

[Event "Titled Tuesday Blitz March 28 Late 2023"]
[White "Graif, William"]
[Black "Bogaudinov, Rushan"]
[WhiteFideId "2609835"]
[BlackFideId "4129288"]
[WhiteElo "2205"]
[BlackElo "1949"]
[Result "1/2-1/2"]
[Round "09"]
[TimeControl "180+2"]
[Date "2023.03.28"]
[WhiteClock "0:00:12"]
[BlackClock "0:00:57"]

1. e4 c5 2. Nc3 Nc6 3. Bb5 Qc7 4. Nf3 a6 5. Nd5 Qd8 6. Bxc6 dxc6 7. Nc3 Bg4 8. h3 Bxf3 9. Qxf3 e5 10. d3 Be7 11. Qg3 Bf6 12. O-O Ne7 13. f4 exf4 14. Bxf4 Ng6 15. Bd6 Be7 16. Bxe7 Qxe7 17. e5 O-O 18. Rae1 Rae8 19. Rf5 Qd7 20. Rh5 Re6 21. Ne4 Qd4+ 22. Kh1 Rxe5 23. Rxe5 Qxe5 24. Qxe5 Nxe5 25. Nxc5 f6 26. Nxb7 Rb8 27. Nc5 Rxb2 28. d4 Rxc2 29. Nxa6 Rxa2 30. Nb4 Ra4 31. dxe5 Rxb4 32. exf6 gxf6 33. Re6 Kf7 34. Rxc6 Kg6 35. Rc7 h5 36. Kh2 Rb3 37. Rd7 Ra3 38. Rc7 Rb3 39. Rd7 Ra3 40. Rc7 Rb3 1/2-1/2


[Site "https://www.chess.com"]

[Event "Titled Tuesday Blitz March 28 Late 2023"]
[White "sebastianmarinp"]
[Black "Karamsetty, Jeevan"]
[BlackFideId "2025337"]
[WhiteElo "2313"]
[BlackElo "2111"]
[Result "0-1"]
[Round "09"]
[TimeControl "180+2"]
[Date "2023.03.28"]
[WhiteClock "0:00:02"]
[BlackClock "0:00:05"]

1. e4 e5 2. Nf3 Nc6 3. Bb5 a6 4. Ba4 Nf6 5. O-O Be7 6. Re1 b5 7. Bb3 d6 8. c3 O-O 9. h3 Nb8 10. d4 Nbd7 11. c4 c5 12. dxe5 dxe5 13. Nc3 Rb8 14. Qe2 b4 15. Nd5 Nxd5 16. cxd5 a5 17. Ba4 Nb6 18. Bc6 Bd6 19. b3 Bd7 20. Bxd7 Qxd7 21. Be3 a4 22. Nd2 Rfc8 23. Nc4 f6 24. Nxb6 Rxb6 25. Qc4 Rb5 26. Rac1 Ra5 27. Rc2 Kf7 28. Rec1 Rc7 29. Bd2 axb3 30. axb3 Ra3 31. Qd3 Rca7 32. Be3 R3a5 33. f3 Rc7 34. Qe2 Qc8 35. Qf2 h6 36. Qh4 Ra3 37. Qh5+ Kg8 38. Qg6 Rxb3 39. Bxh6 Kh8 40. Bxg7+ Rxg7 41. Qxf6 Qf8 42. Qh6+ Kg8 43. Qe6+ Rf7 44. h4 Kh7 45. Qg4 Rg7 46. Qh5+ Kg8 0-1


[Site "https://www.chess.com"]

[Event "Titled Tuesday Blitz March 28 Late 2023"]
[White "Vovk, Orest"]
[Black "Garrido, Denis"]
[WhiteFideId "14113490"]
[BlackFideId "601217"]
[WhiteElo "2215"]
[BlackElo "2311"]
[Result "1-0"]
[Round "09"]
[TimeControl "180+2"]
[Date "2023.03.28"]
[WhiteClock "0:01:41"]
[BlackClock "0:01:01"]

1. c4 Nf6 2. Nf3 e6 3. Nc3 d5 4. b3 d4 5. Na4 c5 6. Qc2 Nc6 7. d3 e5 8. Bg5 Bd6 9. Nd2 Bf5 10. f3 h6 11. Bxf6 Qxf6 12. g4 Bg6 13. O-O-O Qe7 14. Ne4 b6 15. h4 Bxe4 16. fxe4 O-O 17. g5 h5 18. Bh3 Rfb8 19. Nb2 b5 20. cxb5 Rxb5 21. Nc4 a5 22. g6 fxg6 23. Nxd6 Rb4 24. Qxc5 Ra6 25. Qd5+ Kh7 26. Nf7 a4 27. Ng5+ Kh6 28. Qg8 Rc4+ 29. Kb1 1-0


[Site "https://www.chess.com"]

[Event "Titled Tuesday Blitz March 28 Late 2023"]
[White "a-z30"]
[Black "Fernandez Sanchez, Mario Andres"]
[BlackFideId "6501621"]
[WhiteElo "2501"]
[BlackElo "2050"]
[Result "0-1"]
[Round "09"]
[TimeControl "180+2"]
[Date "2023.03.28"]
[WhiteClock "0:00:05"]
[BlackClock "0:01:30"]

1. d3 d5 2. Nf3 Nf6 3. g3 Bf5 4. Bg2 e6 5. O-O h6 6. c4 c6 7. cxd5 exd5 8. Nc3 Be7 9. e4 dxe4 10. dxe4 Qxd1 11. Rxd1 Nxe4 12. Re1 Nxc3 13. bxc3 Kf8 14. Nd4 Bg6 15. Bf4 Nd7 16. Nxc6 bxc6 17. Bxc6 Rd8 18. Rad1 Nf6 19. Rxd8+ Bxd8 20. Bd6+ Kg8 21. f3 Kh7 22. g4 Bb6+ 23. Kg2 Rc8 24. Bb7 Rxc3 25. Re2 Re3 26. Rxe3 Bxe3 27. a4 Nd7 28. h4 Bd3 29. a5 Bc5 30. Bc7 f6 31. h5 Ne5 32. Bd5 Bc4 33. Be4+ Kg8 34. Kg3 Kf7 35. f4 Nd7 36. g5 fxg5 37. fxg5 hxg5 38. Kg4 Be3 39. Bg6+ Ke7 40. Bb8 Nxb8 0-1


[Site "https://www.chess.com"]